 Dungeon Crawl Stone Soup version 0.20-a0-537-g052e6ba (webtiles) character file.

65 Alarkh the Chopper (level 3, -7/29 HPs)
             Began as a Demonspawn Monk on Jan 28, 2017.
             Killed by nerve-wracking pain
             ... invoked by an orc priest
              (8 damage)
             ... on level 2 of the Dungeon.
             The game lasted 00:01:25 (1461 turns).

Alarkh the Chopper (Demonspawn Monk)                Turns: 1461, Time: 00:01:25

Health: -7/29      AC:  2    Str: 11    XL:     3   Next: 94%
Magic:  3/3        EV: 19    Int: 19    God:
Gold:   148        SH:  0    Dex: 22    Spells: 2/2 levels left

rFire    . . .     SeeInvis .   a - +0 hand axe
rCold    . . .     Gourm    .   b - +0 robe
rNeg     . . .     Faith    .   (no shield)
rPois    .         Spirit   .   (no helmet)
rElec    .         Reflect  .   (no cloak)
rCorr    .         Harm     .   (no gloves)
MR       .....                  (no boots)
Stlth    +++.......             (no amulet)
Regen    0.1/turn               p - +2 ring of dexterity
                                m - +2 ring of intelligence

@: brilliant, agile, flying, very slightly contaminated, invisible
A: spiny 1
a: no special abilities


You were on level 2 of the Dungeon.
You were hungry.

You visited 1 branch of the dungeon, and saw 3 of its levels.

You collected 148 gold pieces.

Inventory:

Hand Weapons
 a - a +0 hand axe (weapon)
Armour
 b - a +0 robe (worn)
Jewellery
 m - a +2 ring of intelligence (left hand)
 p - a +2 ring of dexterity (right hand)
Scrolls
 d - a scroll of enchant armour {unknown}
 f - a scroll of blinking {unknown}
 i - a scroll of noise {unknown}
 k - a scroll of magic mapping {unknown}
Potions
 h - a potion of heal wounds {unknown}
Comestibles
 c - 2 bread rations
 l - 2 fruits


   Skills:
 - Level 3.0 Fighting
 + Level 4.4 Axes
 - Level 2.6 Dodging
 - Level 1.7 Stealth


You had 2 spell levels left.
You didn't know any spells.

Dungeon Overview and Level Annotations

Branches:
Dungeon (3/15)

Altars:


Innate Abilities, Weirdness & Mutations

You are partially covered in sharp spines.


Message History

The orc priest closely misses you.
You hit the orc priest.
The orc priest is severely wounded.
The orc priest hits you with an enchanted mace.
The adder hisses angrily.
You hit the orc priest but do no damage.
The orc priest is heavily wounded.
The orc priest invokes the aid of Beogh against you.
Beogh smites you!
* * * LOW HITPOINT WARNING * * *
It was a potion of invisibility.
You fade into invisibility!
The orc priest closely misses you.
You are very lightly contaminated with residual magic.
You strike the helpless orc priest from behind!
You hit the orc priest.
The orc priest is almost dead.
The orc priest mumbles some strange prayers to Beogh against you.
Pain shoots through your body!
You die...

#..........................####
#..........................###
#............................#
#..........#.###.......#.....#
#........#.............#.##..#
###.....#.....).#.....<..##..##
#.......##.####........##....
#.....#................>##...
#.....#....o@S..###...#...#..
###.###.........###.###......
#..#####.####.........#..<#
##.....#.# ##........##...
#####.#.## #........##...
#....# ##........##..# #####
##...# #........<###.# ....#
##..###.........##..# ....#
#..#...........#..##


You could see an orc priest and an adder.

Vanquished Creatures
  2 adders (D:2)
  A worm (D:2)
  5 bats
  A giant cockroach (D:1)
  8 goblins
  7 hobgoblins
  6 jackals (D:2)
  A quokka (D:2)
  3 frilled lizards (D:1)
  2 kobolds
  4 rats (D:1)
40 creatures vanquished.

Notes
Turn   | Place    | Note
-------+----------+-------------------------------------------
     0 | D:1      | Alarkh the Demonspawn Monk began the quest for the Orb.
     0 | D:1      | Reached XP level 1. HP: 18/18 MP: 1/1
    67 | D:1      | Reached skill level 3 in Axes
   135 | D:1      | Gained mutation: You are partially covered in sharp spines. [demonic ancestry]
   135 | D:1      | Reached XP level 2. HP: 16/24 MP: 2/2
   970 | D:2      | Reached XP level 3. HP: 29/29 MP: 3/3
   997 | D:2      | Reached skill level 4 in Axes
  1459 | D:2      | HP: 1/29 [orc priest/divine providence (10)]
  1461 | D:2      | Killed from afar by an orc priest

Vault maps used:
D:1:      roderic_dead_forest
D:3:      overflow_temple_1_default, marbit_many_paths, bloody_trog

Skill      XL: |  1  2  3 |
---------------+----------+-----
Axes           | 3 4 |  4.4
Fighting       | |  3.0
Dodging        | |  2.6
Stealth        | |  1.7

Action                   || total
-------------------------++-------
Melee: Hand axe          ||   108
  Use: Potion            ||     5
 Stab: Sleeping          ||     3
       Invisible         ||     1
  Eat: Chunk             ||     1
Armor: Robe              ||    13
Dodge: Dodged            ||    69
